 Dungeon Crawl Stone Soup version 0.25-a0-424-g80bd347ae0 (webtiles) character file.

Game seed: 8356244926105161303, levelgen mode: deterministic

396 Kalelzar2 the Gusty (level 6, -8/45 HPs)
             Began as a Draconian Air Elementalist on Jan 22, 2020.
             Was an Initiate of Sif Muna.
             Mangled by Prince Ribbit (10 damage)
             ... on level 5 of the Dungeon.
             The game lasted 00:28:17 (5080 turns).

Kalelzar2 the Gusty (Draconian Air Elementalist)    Turns: 5080, Time: 00:28:18

Health: -8/45      AC:  9    Str: 14    XL:     6   Next: 52%
Magic:  3/12       EV: 12    Int: 17    God:    Sif Muna [......]
Gold:   209        SH:  0    Dex: 11    Spells: 3/13 levels left

rFire    . . .     SeeInvis .   (no weapon)
rCold    + . .     Gourm    .   (no shield)
rNeg     . . .     Faith    .   (armour unavailable)
rPois    .         Spirit   .   e - +2 hat
rElec    .         Reflect  .   (no cloak)
rCorr    .         Harm     .   (no gloves)
MR       .....                  k - +0 pair of boots
Stlth    ++........             p - amulet of regeneration
HPRegen  0.55/turn              j - ring of protection from cold
MPRegen  0.13/turn              b - +3 ring of strength

@: sluggish, very slow
A: unfitting armour, cold-blooded, AC +6
a: Renounce Religion


You were on level 5 of the Dungeon.
You worshipped Sif Muna.
Sif Muna was noncommittal.
You were hungry.

You visited 1 branch of the dungeon, and saw 5 of its levels.

You collected 209 gold pieces.

Inventory:

Armour
 e - a +2 hat (worn)
 k - a +0 pair of boots (worn)
Jewellery
 b - a +3 ring of strength (right hand)
 g - an uncursed ring of flight
 j - a ring of protection from cold (left hand)
 p - an amulet of regeneration (around neck)
 s - an uncursed ring of flight
 v - a +3 ring of evasion {unknown}
Wands
 u - a wand of enslavement (6)
Scrolls
 a - a scroll of enchant weapon
 d - a scroll of teleportation
 f - a scroll of fog
 l - a scroll of fear
 n - a scroll of enchant armour
 q - a scroll of immolation
Potions
 c - a potion of might
 h - a potion of heal wounds {unknown}
 i - a potion of brilliance
 m - 2 potions of curing {unknown}
 t - 2 potions of haste {unknown}
 w - a potion of degeneration {unknown}
Comestibles
 o - a ration


   Skills:
 - Level 1.7 Dodging
 + Level 2.4 Stealth
 + Level 4.3 Spellcasting
 + Level 2.9 Conjurations
 - Level 5.0 Air Magic


You had 3 spell levels left.
You knew the following spells:

 Your Spells              Type           Power        Failure   Level  Hunger
a - Shock                 Conj/Air       ###.         3%          1    None
b - Swiftness             Chrm/Air       ##......     9%          2    ##.....
c - Static Discharge      Conj/Air       ###.....     9%          3    ###....
d - Airstrike             Air            ###.......   19%         4    ####...

Your spell library contained the following spells:

 Spells                   Type           Power        Failure   Level  Hunger
 Confusing Touch          Hex            #.......     43%         3    ###....
 Gell's Gravitas          Tloc           #.........   43%         3    ###....
 Lightning Bolt           Conj/Air       ###.......   63%         5    ######.
 Petrify                  Tmut/Erth      #.......     83%         4    ####...
 Metabolic Englaciation   Hex/Ice        #.........   99%         5    ######.
 Yara's Violent Unravell  Hex/Tmut       #.........   99%         5    ######.


Dungeon Overview and Level Annotations

Branches:
Dungeon (5/15)             Temple (0/1) D:4

Altars:
Fedhas
Gozag
Makhleb
Nemelex Xobeh
Sif Muna

Annotations:
D:5 Prince Ribbit


Innate Abilities, Weirdness & Mutations

Your plain brown scales are hard. (AC +6)
You cannot fit into any form of body armour.
You are cold-blooded and may be slowed by cold attacks.


Message History

Prince Ribbit is moderately wounded.
Found a stone staircase leading down.
As you read the scroll of teleportation, it crumbles to dust.
You feel strangely unstable.
Prince Ribbit blinks!
You are feeling hungry.
You feel sluggish.
An orc comes into view.
Prince Ribbit blinks!
The gnoll hits you but does no damage.
Your surroundings suddenly seem different.
The gnoll barely misses you.
Prince Ribbit blinks!
The gnoll hits you with a +0 flail. The gnoll hits you but does no damage.
The gnoll hits you but does no damage. The gnoll hits you with a +0 flail.
Prince Ribbit hits you!
* * * LOW HITPOINT WARNING * * *
Prince Ribbit hits you!
* * * LOW HITPOINT WARNING * * *
You start to feel a little faster.
Prince Ribbit hits you!
You die...

# ####.###########
#.#.......#......#
##.#.##.##.#.###..#######. #
.....#...................
.....#..####.#.###..########
..###.)ยง.F..#.###..#
......#!######......#
.o.##.#.#############
.#........F@# #.......##.#
#.##.##.##g# # #......g#
#.##..#.#..# #.>.....#..#
####.......# ##..##.## #..
#.#


You could see Prince Ribbit and 2 gnolls.

Vanquished Creatures
  Menkaure (D:4)
  A scorpion (D:3)
  A hound (D:4)
  An orc wizard (D:4)
  A worker ant (D:4)
  A gnoll (D:5)
  2 adders
  2 oozes (D:1)
  2 leopard geckos
  10 orcs
  4 giant cockroaches
  4 goblins
  8 hobgoblins
  4 quokkas
  9 bats
  6 frilled lizards
  9 kobolds
  3 rats
69 creatures vanquished.

Vanquished Creatures (others)
  2 orc wizards (D:3)
2 creatures vanquished.

Grand Total: 71 creatures vanquished

Notes
Turn   | Place    | Note
-------+----------+-------------------------------------------
     0 | D:1      | Kalelzar2 the Draconian Air Elementalist began the quest
                  | for the Orb.
     0 | D:1      | Reached XP level 1. HP: 14/14 MP: 3/3
   344 | D:1      | Reached XP level 2. HP: 13/20 MP: 0/5
  1338 | D:1      | Learned a level 2 spell: Swiftness
  1512 | D:2      | Reached XP level 3. HP: 26/26 MP: 2/6
  1602 | D:2      | Found a faded altar of an unknown god.
  1967 | D:2      | Learned a level 3 spell: Static Discharge
  2861 | D:2      | Found an opulent altar of Gozag.
  3067 | D:2      | Reached XP level 4. HP: 23/33 MP: 0/8
  3342 | D:3      | Found a shimmering blue altar of Sif Muna.
  3348 | D:3      | Became a worshipper of Sif Muna the Loreminder
  3381 | D:3      | Reached skill level 4 in Air Magic
  3747 | D:3      | Reached XP level 5. HP: 36/38 MP: 1/10
  3984 | D:3      | Found a burning altar of Makhleb.
  4287 | D:4      | Noticed Menkaure
  4293 | D:4      | Killed Menkaure
  4293 | D:4      | Reached XP level 6. HP: 45/45 MP: 2/11
  4546 | D:4      | Reached skill level 5 in Air Magic
  4598 | D:4      | Found a staircase to the Ecumenical Temple.
  4805 | D:4      | Learned a level 4 spell: Airstrike
  4985 | D:5      | Entered Level 5 of the Dungeon
  5001 | D:5      | Found a sparkling altar of Nemelex Xobeh.
  5003 | D:5      | Found a blossoming altar of Fedhas.
  5048 | D:5      | Noticed Prince Ribbit
  5079 | D:5      | HP: 1/45 [Prince Ribbit (12)]
  5080 | D:5      | Mangled by Prince Ribbit

Levels and vault maps discovered:
D:1:      lemuel_arrival_cross, layout_loops_ring
D:2:      layout_basic, nicolae_gozag_cash_rules_everything_around_me,
          chequers_ecumenical_altar_grove
D:3:      layout_basic, bloody_makhleb, led_sif_book
D:4:      layout_rooms, minmay_temple_entry_trees, grunt_ministairs_13,
          uniq_menkaure
D:5:      layout_loops_cross, chequers_temple_overflow_statue_of_worship,
          enter_ossuary_1, first_ration, uniq_prince_ribbit1,
          uniq_crazy_yiuf_cottage, uniq_blork_the_orc

Skill      XL: |  1  2  3  4  5  6 |
---------------+-------------------+-----
Stealth        | 2 |  2.4
Conjurations   | 2 |  2.9
Air Magic      | 4 5 |  5.0
Spellcasting   | 3 4 |  4.3
Dodging        | |  1.7

Action                   |  1- 3 |  4- 6 || total
-------------------------+-------+-------++-------
Melee: Unarmed           |    30 |     1 ||    31
       Tailslap          |     2 |       ||     2
 Cast: Shock             |   121 |    82 ||   203
       Swiftness         |     5 |     2 ||     7
       Static Discharge  |     1 |     4 ||     5
  Use: Scroll            |     6 |     5 ||    11
       Potion            |     1 |       ||     1
  Eat: Ration            |     2 |     2 ||     4
       Chunk             |     1 |       ||     1
Armor: Skin              |    25 |     6 ||    31
Dodge: Dodged            |    78 |    10 ||    88

Table legend:
 A = Non-vault XP
 B = Vault XP
 C = Vault XP percentage of total XP
 D = Non-vault monster count
 E = Vault monster count
 F = Vault count percentage of total count
                 A         B        C        D         E       F
            +---------+---------+-------+---------+---------+-------
      Total |     360 |     206 |  36.4 |      67 |       3 |   4.3
            +---------+---------+-------+---------+---------+-------
        D:1 |      38 |       0 |   0.0 |      16 |       0 |   0.0
        D:2 |      61 |       0 |   0.0 |      24 |       0 |   0.0
        D:3 |     107 |      32 |  23.0 |      15 |       1 |   6.2
        D:4 |     135 |     174 |  56.3 |       9 |       2 |  18.2
        D:5 |      19 |       0 |   0.0 |       3 |       0 |   0.0
            +---------+---------+-------+---------+---------+-------
